[Event "Titled Tuesday Blitz May 23 Early 2023"]
[White "Radzhabov, Rodion"]
[Black "Shukhman, Anna"]
[WhiteFideId "884715"]
[BlackFideId "54180058"]
[WhiteElo "2215"]
[BlackElo "2235"]
[Result "1-0"]
[Round "11"]
[TimeControl "180+2"]
[Date "2023.05.23"]
[WhiteClock "0:00:17"]
[BlackClock "0:00:00"]

1. e4 c5 2. Nf3 a6 3. c3 d5 4. exd5 Qxd5 5. d4 Nf6 6. Be3 cxd4 7. cxd4 e6 8. Nc3 Qd6 9. Be2 Nc6 10. O-O Be7 11. Qd2 O-O 12. Bf4 Qd7 13. Rfd1 Rd8 14. Ne5 Nxe5 15. dxe5 Qxd2 16. Rxd2 Nd5 17. Rad1 g5 18. Bg3 b5 19. Nxd5 exd5 20. Bf3 Be6 21. Bxd5 Rac8 22. h3 Bxd5 23. Rxd5 Rxd5 24. Rxd5 Rc2 25. Rd7 Bc5 26. h4 g4 27. h5 h6 28. Bh4 g3 29. Rd8+ Kh7 30. Bxg3 Rxb2 31. Bh4 Bb6 32. Re8 Rb1+ 33. Kh2 Bxf2 34. Bf6 Bg1+ 35. Kh3 1-0


[Site "https://www.chess.com"]

[Event "Titled Tuesday Blitz May 23 Early 2023"]
[White "Camilla_Lee"]
[Black "Reprintsev, Alexander"]
[BlackFideId "14100541"]
[WhiteElo "2667"]
[BlackElo "2218"]
[Result "0-1"]
[Round "11"]
[TimeControl "180+2"]
[Date "2023.05.23"]
[WhiteClock "0:00:03"]
[BlackClock "0:00:13"]

1. e4 d5 2. exd5 Qxd5 3. Nc3 Qa5 4. d4 Nf6 5. Nf3 Nc6 6. Bb5 Ne4 7. Bd2 Nxc3 8. Bxc6+ bxc6 9. Bxc3 Qd5 10. Qe2 Bg4 11. b3 Bxf3 12. Qxf3 Qxf3 13. gxf3 e6 14. Rg1 Rg8 15. Ke2 g6 16. Ba5 Kd7 17. Rad1 Bd6 18. c4 Rgb8 19. Ke3 Bb4 20. Bxb4 Rxb4 21. f4 a5 22. d5 cxd5 23. cxd5 a4 24. Rd4 Rxd4 25. Kxd4 exd5 26. Kxd5 axb3 27. axb3 Ra2 28. Rf1 Rb2 29. Ke5 Ke7 30. Rc1 f6+ 31. Ke4 Kd6 32. Rd1+ Ke6 33. Rc1 f5+ 34. Kd4 Kd6 35. Ke3 Rxb3+ 36. Ke2 c5 37. Rd1+ Kc7 38. Rd5 Rc3 39. Re5 Kd6 40. Re8 Rh3 41. Rd8+ Kc7 42. Rg8 Rxh2 43. Ke3 Rh1 44. Kd3 Kc6 45. Rc8+ Kd5 46. Rd8+ Ke6 47. Re8+ Kf7 48. Rc8 Rc1 49. Kd2 Rc4 50. Ke3 h5 51. Rc7+ Ke6 52. Rc6+ Kf7 53. Rc7+ Kf6 54. Rc6+ Kg7 55. Rc7+ Kh6 56. Rc8 Re4+ 57. Kf3 c4 58. Kg3 h4+ 59. Kxh4 Rxf4+ 60. Kg3 g5 61. Rc6+ Kh5 62. Rc8 Rd4 63. Rc6 Rd3+ 64. Kg2 c3 65. Rc4 f4 66. Rc8 Kg4 67. Rc5 f3+ 68. Kh2 Kh4 69. Rc4+ g4 70. Rc8 Rd2 71. Rh8+ Kg5 72. Rg8+ Kf5 73. Rf8+ Ke6 74. Kg3 c2 75. Rc8 Kf5 76. Rc5+ Ke4 77. Kxg4 Rxf2 78. Kg3 Rg2+ 79. Kh3 Kd3 80. Rd5+ Kc4 81. Rd8 Rg7 82. Rc8+ Kd3 83. Rd8+ Ke2 84. Re8+ Kd1 85. Rd8+ Kc1 86. Rf8 Rd7 87. Rc8 Kd2 88. Kg3 c1=Q 89. Rf8 Qg1+ 90. Kf4 Qd4+ 91. Kg5 Qg7+ 0-1


[Site "https://www.chess.com"]

[Event "Titled Tuesday Blitz May 23 Early 2023"]
[White "Nagare Kaivalya Sandip"]
[Black "Turzo, Attila"]
[WhiteFideId "25957929"]
[BlackFideId "704954"]
[WhiteElo "2024"]
[BlackElo "2504"]
[Result "1-0"]
[Round "11"]
[TimeControl "180+2"]
[Date "2023.05.23"]
[WhiteClock "0:00:48"]
[BlackClock "0:00:16"]

1. e4 d6 2. d4 Nf6 3. Nc3 g6 4. Be3 c6 5. f3 b5 6. Qd2 Nbd7 7. O-O-O Bb7 8. g4 Nb6 9. Kb1 b4 10. Nce2 Nc4 11. Qc1 Nxe3 12. Qxe3 Qb6 13. h4 e5 14. Nh3 Bg7 15. Bg2 O-O-O 16. Ng5 Rhf8 17. Qd2 h6 18. Nh3 c5 19. d5 c4 20. c3 b3 21. a3 Kb8 22. Nc1 Nd7 23. Qf2 Nc5 24. h5 gxh5 25. gxh5 f5 26. Qe2 Ba6 27. Rhg1 fxe4 28. fxe4 Nd3 29. Nxd3 cxd3 30. Qd2 Rf7 31. Rdf1 Rdf8 32. Rxf7 Rxf7 33. Rf1 Rxf1+ 34. Bxf1 Qd8 35. Nf2 Qh4 36. c4 Bxc4 37. Qb4+ Ka8 38. Qxc4 Kb7 39. Qxb3+ 1-0


[Site "https://www.chess.com"]

[Event "Titled Tuesday Blitz May 23 Early 2023"]
[White "Melikyan, Gnel"]
[Black "Lehtosaari, Mauri"]
[WhiteFideId "54109990"]
[BlackFideId "501999"]
[WhiteElo "2138"]
[BlackElo "2501"]
[Result "0-1"]
[Round "11"]
[TimeControl "180+2"]
[Date "2023.05.23"]
[WhiteClock "0:00:00"]
[BlackClock "0:00:20"]

1. d4 d5 2. c4 c6 3. Nc3 Nf6 4. Nf3 dxc4 5. a4 Bf5 6. e3 e6 7. Bxc4 Bb4 8. O-O O-O 9. Bd2 a5 10. h3 h6 11. Re1 Bh7 12. e4 Bxc3 13. bxc3 Bxe4 14. Ne5 Nbd7 15. Ng4 Bf5 16. Ne3 Bg6 17. Ra2 Nb6 18. Bf1 Nbd5 19. Nc4 Ne4 20. Qc1 Nxd2 21. Qxd2 Qc7 22. Ne5 Bf5 23. Rb2 Rab8 24. Bd3 Bxd3 25. Qxd3 b5 26. axb5 cxb5 27. Rxb5 Rxb5 28. Qxb5 Qxc3 29. Rd1 Qb4 30. Qc5 a4 31. Ra1 Qd2 32. Nc6 Ra8 33. Qb5 a3 34. Qb7 Rf8 35. Qa7 Qc3 0-1


[Site "https://www.chess.com"]

[Event "Titled Tuesday Blitz May 23 Early 2023"]
[White "Belov, Alexei"]
[Black "Ambartsumova, Karina"]
[WhiteFideId "4128206"]
[BlackFideId "4166299"]
[WhiteElo "2507"]
[BlackElo "2240"]
[Result "1/2-1/2"]
[Round "11"]
[TimeControl "180+2"]
[Date "2023.05.23"]
[WhiteClock "0:00:53"]
[BlackClock "0:00:16"]

1. e4 e5 2. Nf3 Nc6 3. Bb5 Nf6 4. O-O Nxe4 5. d4 Nd6 6. Bxc6 dxc6 7. dxe5 Nf5 8. Qxd8+ Kxd8 9. Rd1+ Ke8 10. Nc3 h6 11. b3 Be7 12. h3 Be6 13. Bb2 Rd8 14. Ne2 h5 15. c4 g5 16. Ned4 g4 17. Nxe6 fxe6 18. hxg4 hxg4 19. Nd4 Nxd4 20. Bxd4 Kf7 21. a4 a6 22. Be3 Kg6 23. Kf1 Rh1+ 24. Ke2 Rhxd1 25. Rxd1 Rxd1 26. Kxd1 Kf5 27. Ke2 Kxe5 28. f3 gxf3+ 29. Kxf3 b5 30. g4 bxc4 31. bxc4 Bf8 32. Bf2 Bg7 33. Bg1 Bf8 34. Bf2 Bg7 35. Bg1 Bf8 36. Bf2 1/2-1/2


[Site "https://www.chess.com"]

[Event "Titled Tuesday Blitz May 23 Early 2023"]
[White "Estrada Nieto, Julian"]
[Black "Miranda, Rafael"]
[WhiteFideId "5101018"]
[BlackFideId "130990"]
[WhiteElo "2161"]
[BlackElo "2204"]
[Result "0-1"]
[Round "11"]
[TimeControl "180+2"]
[Date "2023.05.23"]
[WhiteClock "0:00:06"]
[BlackClock "0:00:40"]

1. e4 e5 2. Nf3 Nc6 3. Bb5 g6 4. d4 exd4 5. Bg5 Be7 6. Bxc6 Bxg5 7. Bd5 c6 8. Bb3 Bf6 9. e5 Bg7 10. Qxd4 d5 11. O-O Ne7 12. c4 Be6 13. cxd5 Nxd5 14. Nc3 Nxc3 15. Qxc3 Qe7 16. Rfe1 O-O 17. Bxe6 fxe6 18. Qb3 Rad8 19. Rad1 Rd5 20. Rxd5 cxd5 21. Nd4 Qh4 22. Nf3 Qe7 23. Nd4 Rc8 24. Qh3 Bxe5 25. Nxe6 Bxb2 26. g3 Rc1 27. Rxc1 Bxc1 28. Qg4 Bb2 29. Kg2 Be5 30. f4 Bf6 31. f5 Kf7 32. h4 gxf5 33. Qxf5 Qxe6 34. Qxh7+ Bg7 35. h5 Qe4+ 36. Qxe4 dxe4 37. Kf2 Bh6 38. g4 Kf6 39. Kg3 b5 40. Kf2 a5 41. Ke2 a4 42. a3 b4 43. axb4 a3 44. b5 a2 45. b6 a1=Q 46. b7 Qb2+ 0-1


[Site "https://www.chess.com"]

[Event "Titled Tuesday Blitz May 23 Early 2023"]
[White "Nikologorskiy, Konstantin"]
[Black "Yurasova, Daria"]
[WhiteFideId "24111708"]
[BlackFideId "34146919"]
[WhiteElo "2273"]
[BlackElo "2109"]
[Result "0-1"]
[Round "11"]
[TimeControl "180+2"]
[Date "2023.05.23"]
[WhiteClock "0:00:03"]
[BlackClock "0:00:47"]

1. d4 d5 2. c4 dxc4 3. Nf3 Nf6 4. e3 e6 5. Bxc4 a6 6. a4 Nc6 7. O-O Be7 8. Nc3 Nb4 9. Qe2 O-O 10. Rd1 b6 11. e4 Bb7 12. e5 Nfd5 13. Ne4 h6 14. h3 a5 15. Nh2 Ba6 16. Bxa6 Nxa6 17. Rd3 Kh7 18. Rg3 c5 19. Rxg7+ Kxg7 20. Qg4+ Kh7 21. Qh5 f5 22. Qxh6+ Kg8 23. Qg6+ Kh8 24. Qh6+ Kg8 25. Qxe6+ Rf7 26. Ng3 Nac7 27. Qg6+ Rg7 28. Qxf5 Qf8 29. Qh5 Qf7 30. Qe2 Ne6 31. Ng4 Nxd4 32. Qe4 Qe6 33. Nh6+ Kh8 34. Ra3 Rf8 35. Nh5 Qg6 36. Qxg6 Rxg6 37. Ng4 Ne2+ 38. Kh2 Nxc1 39. Ra2 Nxa2 40. f3 Nab4 41. Kg3 Nd3 42. h4 Nxe5 43. Nf4 Nxf4 44. b4 Nxg4 45. bxc5 0-1


[Site "https://www.chess.com"]

[Event "Titled Tuesday Blitz May 23 Early 2023"]
[White "Jovic, Stanoje"]
[Black "Danielyan, Vahe"]
[WhiteFideId "905020"]
[BlackFideId "13304828"]
[WhiteElo "2236"]
[BlackElo "2423"]
[Result "1-0"]
[Round "11"]
[TimeControl "180+2"]
[Date "2023.05.23"]
[WhiteClock "0:00:16"]
[BlackClock "0:00:35"]

1. c4 e6 2. g3 d5 3. Bg2 Nf6 4. Nf3 d4 5. O-O c5 6. e3 Nc6 7. Re1 Be7 8. a3 a5 9. exd4 cxd4 10. d3 O-O 11. b3 Nd7 12. Bf4 Nc5 13. Qc2 a4 14. b4 Nb3 15. Ra2 f6 16. Bc1 e5 17. Nbd2 Bf5 18. Nxb3 axb3 19. Qxb3 Kh8 20. h3 Bxd3 21. Qxd3 Nxb4 22. axb4 Rxa2 23. c5 b6 24. Qb3 Ra1 25. c6 b5 26. Bb2 Rxe1+ 27. Nxe1 f5 28. Nd3 e4 29. Ne5 d3 30. Nf7+ Rxf7 31. Qxf7 Bf8 32. c7 Qc8 33. Be5 d2 34. Qd5 h5 35. Qxd2 Be7 36. Qe2 Qe8 37. Bf1 e3 38. Qxe3 f4 39. Qxf4 Kg8 40. Bxb5 Qxb5 41. c8=Q+ 1-0


[Site "https://www.chess.com"]

[Event "Titled Tuesday Blitz May 23 Early 2023"]
[White "Melian, Juan Sebastian"]
[Black "Rodchenkov, Sergey D."]
[WhiteFideId "3706575"]
[BlackFideId "4168712"]
[WhiteElo "2092"]
[BlackElo "2277"]
[Result "0-1"]
[Round "11"]
[TimeControl "180+2"]
[Date "2023.05.23"]
[WhiteClock "0:00:01"]
[BlackClock "0:00:09"]

1. e4 c5 2. b3 Nf6 3. e5 Nd5 4. Bb2 e6 5. Nc3 Nxc3 6. Bxc3 Be7 7. Nf3 O-O 8. Bd3 Nc6 9. Qe2 d5 10. exd6 Qxd6 11. h4 f5 12. O-O-O a5 13. a4 Bf6 14. Bc4 Kh8 15. Bxf6 gxf6 16. h5 b5 17. Bxb5 Nd4 18. Nxd4 cxd4 19. Kb2 Bb7 20. Rhe1 Be4 21. f3 d3 22. cxd3 Rfc8 23. Rc1 Qd4+ 24. Rc3 Bd5 25. Qe3 Qb4 26. Rec1 Rcb8 27. Qh6 Rf8 28. Qe3 Rab8 29. Qc5 Qf4 30. Qe3 Qb4 31. Qc5 Qh4 32. d4 Qf2 33. R1c2 Qxg2 34. Qa7 Ra8 35. Qe7 Qg7 36. Qc5 Rab8 37. Qc7 Qh6 38. Qxa5 Rg8 39. Qb4 f4 40. Qd6 Qg7 41. Rc7 Qf8 42. Qd7 Rg7 43. Qxg7+ Qxg7 44. Rxg7 Kxg7 45. Rc7+ Kh6 46. Bc4 Bxf3 47. Bxe6 Rd8 48. Bf5 Rxd4 49. Rxh7+ Kg5 50. Bc2 Rxd2 51. Kc3 Rxc2+ 52. Kd3 Rb2 53. Rg7+ Kxh5 54. Kc3 Rb1 55. a5 Bd5 56. b4 f3 57. Rh7+ Kg5 58. Rh2 Kf4 59. a6 Kg3 60. Ra2 f2 61. Rxf2 Kxf2 62. Kd4 Rxb4+ 63. Kxd5 Ra4 0-1


[Site "https://www.chess.com"]

[Event "Titled Tuesday Blitz May 23 Early 2023"]
[White "Manukyan, Artyom"]
[Black "Manukian, Artak"]
[WhiteFideId "13305786"]
[BlackFideId "13301373"]
[WhiteElo "2078"]
[BlackElo "2130"]
[Result "1-0"]
[Round "11"]
[TimeControl "180+2"]
[Date "2023.05.23"]
[WhiteClock "0:01:28"]
[BlackClock "0:00:12"]

1. Nf3 g6 2. g3 Bg7 3. Bg2 Nf6 4. O-O O-O 5. c4 c5 6. Nc3 Nc6 7. d4 cxd4 8. Nxd4 d6 9. Nxc6 bxc6 10. Bxc6 Bh3 11. Bxa8 Qxa8 12. f3 Bxf1 13. Kxf1 Ng4 14. fxg4 Qh1+ 15. Kf2 Qxh2+ 16. Ke1 Qxg3+ 17. Kd2 Qxg4 18. Kc2 Qxc4 19. Qd3 Qc6 20. Bd2 Rc8 21. Rf1 e6 22. a3 d5 23. Kb1 h5 24. Qf3 Rc7 25. Rc1 Rb7 26. Rc2 Qa6 27. a4 Qc4 28. Nb5 Qxa4 29. Nd6 Rd7 30. Rc8+ Kh7 31. Nxf7 Rxf7 32. Qxf7 Qd1+ 33. Bc1 Qxe2 34. Qg8# 1-0


[Site "https://www.chess.com"]

[Event "Titled Tuesday Blitz May 23 Early 2023"]
[White "Marcziter, Dmitrii"]
[Black "Ezat, Mohamed"]
[WhiteFideId "13900765"]
[BlackFideId "10600906"]
[WhiteElo "2162"]
[BlackElo "2386"]
[Result "1-0"]
[Round "11"]
[TimeControl "180+2"]
[Date "2023.05.23"]
[WhiteClock "0:01:46"]
[BlackClock "0:01:37"]

1. d4 Nf6 2. c4 e6 3. Nf3 d5 4. Nc3 c6 5. e3 Nbd7 6. Qc2 Bd6 7. g4 Nxg4 8. Rg1 Qf6 9. Be2 Nxh2 10. Nxh2 Bxh2 11. Rg2 Bd6 12. Bd2 h5 13. O-O-O h4 14. f4 h3 15. Rh2 g5 16. Rdh1 gxf4 17. Rxh3 Rxh3 18. Rxh3 fxe3 19. Bxe3 Bf4 20. Qd2 Bxe3 21. Qxe3 Kd8 22. Rf3 Qg7 23. Rg3 Qf6 24. cxd5 exd5 25. Rf3 Qe7 26. Qf4 f6 27. Re3 Qg7 28. Bh5 Qg5 29. Re8# 1-0


[Site "https://www.chess.com"]

[Event "Titled Tuesday Blitz May 23 Early 2023"]
[White "Staudenhocker43"]
[Black "Mazurkiewicz, Michal"]
[BlackFideId "1124943"]
[WhiteElo "2533"]
[BlackElo "2054"]
[Result "0-1"]
[Round "11"]
[TimeControl "180+2"]
[Date "2023.05.23"]
[WhiteClock "0:02:11"]
[BlackClock "0:02:48"]

1. d4 Nf6 2. Bg5 e6 3. e4 h6 4. Bxf6 Qxf6 5. c3 d6 6. Bd3 Qg5 7. g3 e5 8. Nd2 g6 9. Ne2 Bg7 10. Qc2 exd4 11. cxd4 Nc6 12. Bb5 Qxb5 0-1


[Site "https://www.chess.com"]

[Event "Titled Tuesday Blitz May 23 Early 2023"]
[White "Dishman, Stephen"]
[Black "Baches Garcia, Guillermo"]
[WhiteFideId "403024"]
[BlackFideId "2209764"]
[WhiteElo "2204"]
[BlackElo "2518"]
[Result "1/2-1/2"]
[Round "11"]
[TimeControl "180+2"]
[Date "2023.05.23"]
[WhiteClock "0:02:36"]
[BlackClock "0:02:11"]

1. c4 e6 2. g3 d5 3. Nf3 Nf6 4. d4 h6 5. Bg2 Bd6 6. O-O O-O 7. b3 Nc6 8. Bb2 Re8 9. Nbd2 b6 10. Rc1 Bb7 11. Re1 Ne4 1/2-1/2


[Site "https://www.chess.com"]

[Event "Titled Tuesday Blitz May 23 Early 2023"]
[White "Ordekalog"]
[Black "Real_taiatai"]
[WhiteElo "2516"]
[BlackElo "2376"]
[Result "0-1"]
[Round "11"]
[TimeControl "180+2"]
[Date "2023.05.23"]
[WhiteClock "0:00:00"]
[BlackClock "0:00:23"]

1. e4 c5 2. d3 Nc6 3. g3 g6 4. Bg2 Bg7 5. f4 e5 6. Nf3 d6 7. O-O Nge7 8. f5 f6 9. Nh4 O-O 10. g4 g5 11. Nf3 d5 12. h4 h6 13. hxg5 hxg5 14. Nbd2 Kf7 15. exd5 Nxd5 16. Ne4 b6 17. c4 Ndb4 18. Nfxg5+ fxg5 19. Nxg5+ Ke7 20. a3 Nxd3 21. Bxc6 Qd4+ 22. Kg2 Bd7 23. Bxa8 Rxa8 24. Qf3 Bc6 25. f6+ Bxf6 0-1


[Site "https://www.chess.com"]

[Event "Titled Tuesday Blitz May 23 Early 2023"]
[White "Wagner, Dennis"]
[Black "Shubenkova, Veronika"]
[WhiteFideId "24650684"]
[BlackFideId "44124040"]
[WhiteElo "2478"]
[BlackElo "2060"]
[Result "1-0"]
[Round "11"]
[TimeControl "180+2"]
[Date "2023.05.23"]
[WhiteClock "0:00:12"]
[BlackClock "0:00:25"]

1. e4 e6 2. d4 d5 3. e5 c5 4. c3 Nc6 5. Nf3 a6 6. Be2 b5 7. O-O Qb6 8. Be3 Bb7 9. Nbd2 c4 10. Ne1 Nge7 11. g4 f6 12. Ng2 O-O-O 13. f4 Kb8 14. b4 fxe5 15. fxe5 Ng6 16. h4 Be7 17. h5 Nh4 18. Nxh4 Bxh4 19. Nf3 Be7 20. a4 Na7 21. Qd2 h6 22. Kg2 Rdf8 23. Bf2 Qd8 24. Bg3 Bc6 25. axb5 Bxb5 26. Kh3 Bg5 27. Nxg5 hxg5 28. Kg2 Kb7 29. Bf2 Nc6 30. Be3 Qe8 31. Bxg5 g6 32. h6 Rh7 33. Rxf8 Qxf8 34. Rf1 Rf7 35. Rxf7+ Qxf7 36. Bf6 a5 37. bxa5 Nxa5 38. Bd1 Nb3 39. Qg5 Be8 40. Bc2 Na1 41. Bb1 Nb3 42. Bg7 Kc8 43. Qf6 Qa7 44. h7 Qa1 45. h8=Q Qb2+ 46. Qf2 1-0


[Site "https://www.chess.com"]

[Event "Titled Tuesday Blitz May 23 Early 2023"]
[White "Heinemann, Josefine"]
[Black "Javakhadze, Zurab"]
[WhiteFideId "12900460"]
[BlackFideId "13603647"]
[WhiteElo "2342"]
[BlackElo "2381"]
[Result "0-1"]
[Round "11"]
[TimeControl "180+2"]
[Date "2023.05.23"]
[WhiteClock "0:01:37"]
[BlackClock "0:00:07"]

1. e4 c5 2. Nf3 d6 3. d4 cxd4 4. Nxd4 Nf6 5. Nc3 g6 6. Be3 Bg7 7. f3 a6 8. a4 O-O 9. Qd2 Nc6 10. g4 Ne5 11. h4 h5 12. gxh5 Nxh5 13. O-O-O b5 14. Rg1 bxa4 15. Be2 a3 16. b3 Nd7 17. f4 Nhf6 18. h5 Nc5 19. hxg6 a2 20. gxf7+ Rxf7 21. Kb2 Nfxe4 22. Nxe4 Nxe4 23. Qd3 Bf5 24. Bg4 Nf2 25. Qe2 Nxg4 26. Rxg4 Bxg4 27. Qxg4 Qa5 28. c3 Rb8 29. Rg1 Qd5 30. f5 Qe5 31. Bh6 Qh2+ 32. Rg2 Qxh6 33. Ne6 Qc1+ 34. Kxa2 Qxc3 35. Qh4 Qa1# 0-1


[Site "https://www.chess.com"]

[Event "Titled Tuesday Blitz May 23 Early 2023"]
[White "Avazkhonov, Alikhon"]
[Black "Schnaider, Ilan"]
[WhiteFideId "14208504"]
[BlackFideId "169013"]
[WhiteElo "1739"]
[BlackElo "2224"]
[Result "1-0"]
[Round "11"]
[TimeControl "180+2"]
[Date "2023.05.23"]
[WhiteClock "0:00:11"]
[BlackClock "0:00:15"]

1. e4 c6 2. Nf3 d5 3. Nc3 Bg4 4. h3 Bxf3 5. Qxf3 e6 6. g3 Nd7 7. Bg2 Bd6 8. O-O Ne7 9. d4 O-O 10. e5 Bc7 11. Ne2 c5 12. c3 Nc6 13. Qg4 f5 14. exf6 Qxf6 15. Bxd5 exd5 16. Qxd7 Bd6 17. dxc5 Rad8 18. Qg4 Ne5 19. Qb4 Nd3 20. Qd4 Ne5 21. f4 Bc7 22. Be3 Qa6 23. fxe5 Qxe2 24. Rxf8+ Rxf8 25. Qxd5+ Kh8 26. Bf4 Qxb2 27. Rf1 Qxc3 28. Rf3 Qe1+ 29. Kg2 h6 30. e6 Bxf4 31. gxf4 Qe2+ 32. Rf2 Qe3 33. Qd6 Re8 34. f5 Qe4+ 35. Kh2 Qe3 36. Rg2 Kh7 37. Qg3 Qd4 38. Qg6+ Kh8 39. Qxe8+ Kh7 40. Qg6+ Kg8 41. Qxg7+ Qxg7 42. e7 Qxg2+ 43. Kxg2 Kf7 44. f6 b6 45. c6 Kxf6 46. c7 Kxe7 47. c8=Q Kd6 48. Qb7 a5 49. Qa6 Kc5 50. Qd3 b5 51. h4 b4 52. h5 a4 53. Qf5+ Kc4 54. Qf4+ Kc3 55. Qxh6 b3 56. axb3 a3 57. Qg7+ Kxb3 58. h6 a2 59. h7 a1=Q 60. Qxa1 Kc2 61. h8=Q Kd2 62. Qhd4+ Ke2 63. Qab2+ Ke1 64. Qdd2# 1-0


[Site "https://www.chess.com"]

[Event "Titled Tuesday Blitz May 23 Early 2023"]
[White "Mouhamad, Joachim"]
[Black "Artemenko, Oleg"]
[WhiteFideId "656410"]
[BlackFideId "14201798"]
[WhiteElo "2125"]
[BlackElo "2287"]
[Result "1/2-1/2"]
[Round "11"]
[TimeControl "180+2"]
[Date "2023.05.23"]
[WhiteClock "0:00:17"]
[BlackClock "0:00:13"]

1. e4 e5 2. Nf3 Nc6 3. Bb5 a6 4. Ba4 Nf6 5. O-O d6 6. Re1 Bd7 7. c3 g6 8. d4 Bg7 9. h3 O-O 10. Nbd2 Qe8 11. Bc2 Nh5 12. Nf1 Qc8 13. Kh2 h6 14. Ne3 Nf4 15. Nd5 g5 16. Bxf4 gxf4 17. Ba4 b5 18. Bc2 Kh8 19. Nh4 exd4 20. Qh5 dxc3 21. bxc3 Qd8 22. Nf3 Ne5 23. Nxe5 dxe5 24. Rad1 Rc8 25. Bb3 Qe8 26. Rd3 Be6 27. g4 f6 28. Qxe8 Rfxe8 29. c4 c6 30. Nb6 Rcd8 31. Red1 Rb8 32. Nd7 bxc4 33. Nxb8 cxb3 34. Nxc6 bxa2 35. Ra3 Bc4 36. Nb4 Rb8 37. Nxa6 Ra8 38. Ra1 Bf8 39. R1xa2 Bxa2 40. Rxa2 Kg7 41. Nb4 Rb8 42. Nd3 Rb3 43. Ne1 Bc5 44. Kg2 Rb1 45. Nf3 Kg6 46. Nh4+ Kg5 47. Nf3+ Kg6 48. Nh4+ Kf7 49. Nf5 Kg6 50. Rc2 Bd4 51. h4 f3+ 52. Kxf3 Rb3+ 53. Kg2 h5 54. f3 hxg4 55. fxg4 Rb2 56. Rxb2 Bxb2 57. Kf3 Bc1 58. h5+ Kh7 59. Kg3 Bf4+ 60. Kh3 Kg8 61. Kh4 Kf7 62. h6 Kg6 63. Kh3 Bxh6 64. Kg3 Bf4+ 65. Kh4 Bg5+ 66. Kg3 Bd2 67. Kf3 Bf4 68. Nd6 Kg5 69. Nf7+ Kh4 70. Nd6 Bg5 71. Ne8 Kh3 72. Nc7 Kh2 73. Ne6 Kg1 74. Ng7 Kf1 75. Nf5 Ke1 76. Ne7 Kd2 77. Nd5 Kd3 78. Ne7 Kd4 79. Nf5+ Kd3 80. Ng7 Bf4 81. Nf5 Bg5 82. Ng7 Kd4 83. Nf5+ Kd3 1/2-1/2


[Site "https://www.chess.com"]

[Event "Titled Tuesday Blitz May 23 Early 2023"]
[White "Srdanovic, Jovana"]
[Black "Spata, German"]
[WhiteFideId "954810"]
[BlackFideId "113026"]
[WhiteElo "2169"]
[BlackElo "2260"]
[Result "1-0"]
[Round "11"]
[TimeControl "180+2"]
[Date "2023.05.23"]
[WhiteClock "0:01:27"]
[BlackClock "0:01:15"]

1. d4 e6 2. c4 Nf6 3. Nc3 d5 4. Bg5 Be7 5. e3 O-O 6. Nf3 c6 7. Rc1 b6 8. Qc2 Bb7 9. cxd5 Nxd5 10. Bxe7 Qxe7 11. Bd3 h6 12. O-O Nd7 13. e4 Nb4 14. Qe2 Nxd3 15. Qxd3 c5 16. d5 exd5 17. Nxd5 Bxd5 18. exd5 Rad8 19. Rfe1 Qd6 20. Nh4 Ne5 21. Qe4 g6 22. Qxe5 Qxe5 23. Rxe5 Rd6 24. Rce1 Kg7 25. f4 Rfd8 26. f5 Rxd5 27. Rxd5 Rxd5 28. fxg6 fxg6 29. Re7+ Kf6 30. Rxa7 Rd2 31. b3 b5 32. Rb7 b4 33. Rc7 Rxa2 34. Rxc5 Rb2 35. Nf3 Rxb3 36. Rc6+ Ke7 37. Ne5 Rb1+ 38. Kf2 b3 39. Rb6 g5 40. Rxh6 Kd8 41. Rb6 Kc7 42. Rb5 Kd6 43. g3 g4 44. Nxg4 Kc6 45. Rb8 b2 46. Kg2 Kc5 47. h4 Kc4 48. h5 Kc3 49. h6 Rd1 50. h7 Rd2+ 51. Kh3 Rd1 52. h8=Q+ 1-0


[Site "https://www.chess.com"]

[Event "Titled Tuesday Blitz May 23 Early 2023"]
[White "Mrudul Dehankar"]
[Black "Kim, Sergey"]
[WhiteFideId "25096990"]
[BlackFideId "13700570"]
[WhiteElo "2139"]
[BlackElo "2556"]
[Result "1/2-1/2"]
[Round "11"]
[TimeControl "180+2"]
[Date "2023.05.23"]
[WhiteClock "0:00:07"]
[BlackClock "0:00:09"]

1. e4 e5 2. Nf3 Nc6 3. Bc4 Bc5 4. d3 Nf6 5. c3 d6 6. Nbd2 a6 7. a4 Ba7 8. h3 O-O 9. O-O Be6 10. Re1 Nh5 11. Nxe5 Nxe5 12. Qxh5 Bxc4 13. dxc4 Nd3 14. Rf1 Qf6 15. Qf3 Qxf3 16. Nxf3 Rfe8 17. Nd2 f5 18. exf5 Re2 19. Nf3 Nxf2 20. Kh2 Nd3 21. b4 Rae8 22. Bd2 Nb2 23. c5 dxc5 24. Bf4 c6 25. b5 c4 26. Ng5 Nd3 27. Bg3 h6 28. Ne6 Bb6 29. a5 Bd8 30. bxc6 bxc6 31. Ra4 Ne5 32. Bxe5 Rxe5 33. Rxc4 Bxa5 34. Rxc6 Re2 35. Rxa6 Bxc3 36. Rc6 Bf6 37. Nf4 Rd2 38. Re6 Ra8 39. Kh1 Raa2 40. Rg1 Rf2 41. Nh5 Rxf5 42. Nxf6+ Rxf6 43. Rxf6 gxf6 44. Rf1 Kg7 45. Kh2 Rb2 46. Kg3 Kg6 47. Rf3 Rc2 48. Rd3 Re2 49. Kf3 Re5 50. Rd4 Rf5+ 51. Kg3 Rg5+ 52. Kf3 Rf5+ 53. Rf4 Re5 54. Rg4+ Rg5 55. Re4 Rf5+ 56. Rf4 Re5 57. Rd4 Rf5+ 1/2-1/2


[Site "https://www.chess.com"]

[Event "Titled Tuesday Blitz May 23 Early 2023"]
[White "Degenbaev, Aziz"]
[Black "Gurevich, Dmitry"]
[WhiteFideId "13802640"]
[BlackFideId "2000407"]
[WhiteElo "2152"]
[BlackElo "2506"]
[Result "1-0"]
[Round "11"]
[TimeControl "180+2"]
[Date "2023.05.23"]
[WhiteClock "0:00:27"]
[BlackClock "0:00:00"]

1. e4 c5 2. Nf3 d6 3. d4 cxd4 4. Qxd4 a6 5. Bc4 e6 6. Nc3 Nf6 7. Bg5 Be7 8. Rd1 b5 9. Bb3 Bb7 10. O-O O-O 11. Bxf6 Bxf6 12. Qxd6 Qxd6 13. Rxd6 Bxc3 14. bxc3 Bxe4 15. Ne5 a5 16. a4 bxa4 17. Bxa4 Na6 18. Nd7 Rfc8 19. f3 Bg6 20. Rfd1 Rxc3 21. Nc5 h5 22. Rxa6 Rc8 23. Nd3 Ra3 24. Rxa5 Ra2 25. Bd7 Rxa5 26. Bxc8 Ra2 27. Rd2 Bxd3 28. Rxd3 Rxc2 29. Bb7 g6 30. Rd7 Kg7 31. Be4 Rb2 32. Rc7 g5 33. Rc2 1-0


[Site "https://www.chess.com"]

[Event "Titled Tuesday Blitz May 23 Early 2023"]
[White "Toncheva, Nadya"]
[Black "Hoffmann, Asa"]
[WhiteFideId "2924056"]
[BlackFideId "2001470"]
[WhiteElo "2101"]
[BlackElo "2117"]
[Result "1-0"]
[Round "11"]
[TimeControl "180+2"]
[Date "2023.05.23"]
[WhiteClock "0:00:41"]
[BlackClock "0:00:58"]

1. e4 d6 2. d4 Nf6 3. Nc3 c6 4. Be3 Ng4 5. Bg5 Qb6 6. h3 Qxb2 7. Bd2 Nf6 8. Rb1 Qa3 9. Bc4 e5 10. Nf3 Be7 11. dxe5 dxe5 12. Nxe5 O-O 13. Nd3 Qa5 14. O-O Qc7 15. Qf3 Nbd7 16. Bf4 Bd6 17. Bxd6 Qxd6 18. Rbd1 Qa3 19. Ne2 Nb6 20. Bb3 Be6 21. Nef4 Bxb3 22. axb3 Rad8 23. e5 Nfd5 24. Qg3 Nxf4 25. Nxf4 Nd5 26. Nh5 g6 27. c4 Nc7 28. Nf6+ Kg7 29. Qh4 h5 30. Qg5 Rh8 31. Rxd8 Rxd8 32. Nxh5+ Kh7 33. Qxd8 Ne6 34. Nf6+ 1-0


[Site "https://www.chess.com"]

[Event "Titled Tuesday Blitz May 23 Early 2023"]
[White "surrenderPLS"]
[Black "Kovalevsky, Stanislav"]
[BlackFideId "13508598"]
[WhiteElo "2536"]
[BlackElo "2174"]
[Result "0-1"]
[Round "11"]
[TimeControl "180+2"]
[Date "2023.05.23"]
[WhiteClock "0:01:54"]
[BlackClock "0:02:01"]

1. e4 e6 2. d4 d5 3. Nc3 dxe4 4. Nxe4 Nf6 5. Nxf6+ gxf6 6. Nf3 Nc6 7. Be2 Ne7 8. O-O Bd7 9. c4 Bc6 10. b3 Rg8 11. Bb2 Qd6 12. Qc2 Qf4 13. g3 Bxf3 14. Bc1 Qg4 15. h3 Qh5 16. g4 Rxg4+ 0-1


[Site "https://www.chess.com"]